 Dungeon Crawl Stone Soup version 0.19-a0-1891-ge1d1fe8 (webtiles) character file.

963 Naow the Chopper (level 8, -11/62 HPs)
             Began as a Formicid Fighter on Oct 18, 2016.
             Mangled by an ice beast (14 damage)
             ... on level 5 of the Dungeon.
             The game lasted 00:07:33 (4214 turns).

Naow the Chopper (Formicid Fighter)                 Turns: 4214, Time: 00:07:34

Health: -11/62     AC: 11    Str: 23    XL:     8   Next: 37%
Magic:  8/8        EV:  5    Int:  8    God:
Gold:   222        SH: 10    Dex: 10    Spells: 0 memorised, 7 levels left

rFire  . . .     SeeInvis +     a - +0 war axe
rCold  . . .     Gourm    .     y - -2 plate armour (curse)
rNeg   . . .     Faith    .     c - +0 shield
rPois  .         Spirit   .     (helmet unavailable)
rElec  .         Reflect  .     (no cloak)
rCorr  .         Harm     .     e - +0 pair of gloves
MR     .....                    (no boots)
Stlth  ..........               (no amulet)
                                (no ring)
                                (no ring)

@: lethally poisoned (-11 -> -20)
A: permanent stasis, dig shafts and tunnels, four strong arms, antennae 3
a: Dig, Shaft Self


You were on level 5 of the Dungeon.
You were hungry.

You visited 2 branches of the dungeon, and saw 6 of its levels.

You collected 222 gold pieces.

Inventory:

Hand Weapons
 a - a +0 war axe (weapon)
Armour
 b - a +0 scale mail
 c - a +0 shield (worn)
 e - a +0 pair of gloves (worn)
 y - a cursed -2 plate armour (worn)
Jewellery
 g - a cursed amulet of inaccuracy {unknown}
 k - a +3 ring of evasion {unknown}
 q - an uncursed ring of positive energy {unknown}
Wands
 o - a wand of flame (38/48)
 t - a wand of flame (11/48)
 A - a wand of enslavement (14/24)
Scrolls
 h - 2 scrolls of remove curse {unknown}
 j - 2 scrolls of immolation {unknown}
 l - 8 scrolls of identify {unknown}
 r - 2 scrolls of fear {unknown}
 v - a scroll of magic mapping {unknown}
 x - a scroll of fog {unknown}
Potions
 d - a potion of might
 i - 3 potions of invisibility {unknown}
 n - 2 potions of flight
 s - 2 potions of curing {unknown}
 u - a potion of brilliance {unknown}
Comestibles
 f - 2 bread rations
 m - 4 meat rations
 p - a slice of pizza
 w - 4 fruits


   Skills:
 + Level 5.3 Fighting
 * Level 6.2 Axes
 + Level 5.4 Armour
 + Level 6.0 Shields


You had 7 spell levels left.
You didn't know any spells.

Dungeon Overview and Level Annotations

Branches:
Dungeon (5/15)             Temple (1/1) D:4

Altars:
Cheibriados
Dithmenos
Elyvilon
Fedhas
Gozag
Hepliaklqana
Qazlal
Ru
Sif Muna
Trog
Uskayaw
Xom
The Shining One


Innate Abilities, Weirdness & Mutations

You are under a permanent stasis effect.
You can dig through walls and to a lower floor.
Your four strong arms can wield two-handed weapons with a shield.
You have a pair of large antennae on your head. (SInv)


Message History

You block the gnoll's attack.
You are too injured to fight recklessly!
You are too injured to fight recklessly!
Your plate armour prevents you from hitting the ice beast.
You completely miss the scorpion.
You feel sick. The gnoll hits you but does no damage.
The scorpion stings you but does no damage.
The ice beast hits you but does no damage.
The gnoll hits you from afar with a halberd!
* * * LOW HITPOINT WARNING * * *
You hit the ice beast.
The ice beast is lightly wounded.
Your shield and plate armour prevent you from hitting the scorpion.
* * * LOW HITPOINT WARNING * * *
You feel sick. The gnoll hits you but does no damage.
The scorpion stings you but does no damage.
The ice beast hits you.
* * * LOW HITPOINT WARNING * * *
The ice beast freezes you!
You die...

# # # # # # . # .!.
###################.....
..........(.....@Yg.....
................)sg#####
########...............
# #.#######.#.#### # #.#
#.#..# #
###.#######.##.# #
#.........#.# ..
######.#.#####.#.# #.#
.................


You could see an ice beast, a scorpion and 2 gnolls.

Vanquished Creatures
  Sigmund (D:3)
  An ice beast (D:5)
  A phantom (D:4)
  3 scorpions
  A jelly (D:5)
  3 orc priests
  4 orc wizards (D:5)
  2 worker ants (D:4)
  A hound zombie (D:5)
  A hound skeleton (D:4)
  Robin (D:3)
  5 adders
  5 gnolls
  An ooze (D:3)
  An adder skeleton (D:4)
  A worm (D:2)
  A dart slug (D:1)
  A leopard gecko (D:3)
  9 orcs
  2 giant cockroaches
  9 hobgoblins
  3 jackals (D:2)
  A quokka (D:2)
  10 bats
  6 frilled lizards
  15 goblins
  14 kobolds
  9 rats
112 creatures vanquished.

Notes
Turn   | Place    | Note
-------+----------+-------------------------------------------
     0 | D:1      | Naow the Formicid Fighter began the quest for the Orb.
     0 | D:1      | Reached XP level 1. HP: 18/18 MP: 1/1
   167 | D:1      | Reached XP level 2. HP: 19/24 MP: 2/2
   371 | D:1      | Reached XP level 3. HP: 24/29 MP: 3/3
   892 | D:2      | Reached XP level 4. HP: 25/35 MP: 4/4
  1159 | D:2      | Reached XP level 5. HP: 29/42 MP: 5/5
  1702 | D:3      | Noticed Sigmund
  1741 | D:3      | Killed Sigmund
  1741 | D:3      | Reached XP level 6. HP: 32/48 MP: 6/6
  2415 | D:3      | Noticed Robin
  2444 | D:3      | Reached skill level 5 in Shields
  2458 | D:3      | Killed Robin
  2663 | D:3      | Found a glowing golden altar of the Shining One.
  2696 | D:4      | Reached XP level 7. HP: 55/55 MP: 7/7
  2782 | D:4      | Reached skill level 5 in Axes
  2823 | D:4      | Found a staircase to the Ecumenical Temple.
  2829 | Temple   | Entered the Ecumenical Temple
  3357 | D:5      | Entered Level 5 of the Dungeon
  3357 | D:5      | Found an opulent altar of Gozag.
  3368 | D:5      | Reached skill level 5 in Fighting
  3368 | D:5      | Reached skill level 5 in Armour
  3525 | D:5      | Reached XP level 8. HP: 24/62 MP: 8/8
  3993 | D:5      | Found a deep blue altar of Sif Muna.
  4214 | D:5      | HP: 3/62 [ice beast (1)]
  4214 | D:5      | Mangled by an ice beast

Vault maps used:
D:1:      dpeg_arrival_court
D:3:      lemuel_coloured_pillars_altar, first_bread, uniq_sigmund, uniq_robin
D:4:      enter_ossuary_2
D:5:      led_sif_pool, lemuel_crystal_altar, fountainhead,
          grunt_decor_resistance
Temple:   jpeg_temple_alley_garden

Skill      XL: |  1  2  3  4  5  6  7  8 |
---------------+-------------------------+-----
Axes           | 3 4 5 6 |  6.2
Shields        | 4 5 6 |  6.0
Armour         | 4 5 |  5.4
Fighting       | 4 5 |  5.3

Action                   |  1- 3 |  4- 6 |  7- 9 || total
-------------------------+-------+-------+-------++-------
Melee: War axe           |    96 |   188 |   157 ||   441
  Use: Potion            |       |     1 |       ||     1
  Eat: Chunk             |       |     6 |     4 ||    10
       Fruit             |       |       |     1 ||     1
Armor: Scale mail        |    55 |    83 |    34 ||   172
       Plate armour      |       |       |    24 ||    24
Dodge: Dodged            |    46 |    81 |    49 ||   176
Block: Shield            |    56 |    95 |    74 ||   225
